 Dungeon Crawl Stone Soup version 0.21-a0-184-g9126a74 (webtiles) character file.

61 Sheltem the Magician (level 3, -2/19 HPs)
             Began as a Deep Elf Air Elementalist on Aug 10, 2017.
             Slain by an adder (3 damage)
             ... on level 2 of the Dungeon on Aug 11, 2017.
             The game lasted 00:17:07 (2371 turns).

Sheltem the Magician (Deep Elf Air Elementalist)    Turns: 2371, Time: 00:17:08

Health: -2/19      AC:  2    Str:  3 (6)  XL:     3   Next: 83%
Magic:  1/10       EV: 13    Int: 19      God:    Xom [..*...]
Gold:   88         SH:  0    Dex: 13 (15) Spells: 3/9 levels left

rFire    . . .     SeeInvis .   d - +0 short sword
rCold    . . .     Gourm    .   (no shield)
rNeg     . . .     Faith    .   a - +0 robe
rPois    .         Spirit   .   (no helmet)
rElec    .         Reflect  .   (no cloak)
rCorr    .         Harm     .   (no gloves)
MR       .....                  (no boots)
Stlth    ++........             (no amulet)
HPRegen  0.06/turn              (no ring)
MPRegen  0.12/turn              (no ring)

@: lethally poisoned (-2 -> -13)
A: no striking features
a: Renounce Religion


You were on level 2 of the Dungeon.
You worshipped Xom.
You were a toy of Xom.
You were not hungry.

You visited 1 branch of the dungeon, and saw 2 of its levels.

You collected 88 gold pieces.

Inventory:

Hand Weapons
 d - a +0 short sword (weapon)
 i - a +0 club
Missiles
 e - 63 stones
 f - 22 arrows
 g - 29 bolts (quivered)
 l - 18 sling bullets
 n - 5 large rocks
Armour
 a - a +0 robe (worn)
Scrolls
 h - a scroll of remove curse
 j - a scroll of recharging
 k - a scroll of amnesia
 o - 2 scrolls of teleportation
Books
 b - a book of Air

   Spells                             Type                      Level
   a - Shock                          Conjuration/Air              1
   b - Swiftness                      Charms/Air                   2
   c - Static Discharge               Conjuration/Air              3
   d - Airstrike                      Air                          4
   e - Lightning Bolt                 Conjuration/Air              5
Comestibles
 c - a bread ration


   Skills:
 + Level 0.1 Fighting
 + Level 0.2 Short Blades
 + Level 3.1 Dodging
 + Level 2.8 Stealth
 + Level 3.9 Spellcasting
 + Level 1.3 Conjurations
 + Level 3.7 Air Magic


You had 3 spell levels left.
You knew the following spells:

 Your Spells              Type           Power        Failure   Level  Hunger
a - Shock                 Conj/Air       ##..         4%          1    None
b - Static Discharge      Conj/Air       ##......     14%         3    ###....
c - Swiftness             Chrm/Air       ##......     10%         2    ##.....


Dungeon Overview and Level Annotations

Branches:
Dungeon (2/15)

Altars:
Xom


Message History

The adder poisons you!
Casting: Shock
Confirm with . or Enter, or press ? or * to list all spells.
Aiming: Shock
Press: ? - help, Shift-Dir - straight line, f/p - adder
Aim: an adder (almost dead)
The zap hits the adder.
The adder is almost dead.
You feel sick. The adder bites you. x2
* * * LOW HITPOINT WARNING * * *
You are more poisoned.
The adder poisons you!
* * * LOW HITPOINT WARNING * * *
You feel sick.
There is an open door here.
* * * LOW HITPOINT WARNING * * *
You feel sick.
* * * LOW HITPOINT WARNING * * *
You feel sick. The adder bites you.
You die...

#.. #.. .. #.##
###### ..#
#....# #.##
#.###....###..#
'..)....>'S@..##
#.###....###...#
####.# #...# #+#
##..# #..# ####
## ##.##
...##.#### #..#
##.#..... #..##
...#...#####
##..#


You could see an adder.

Vanquished Creatures
  2 adders (D:2)
  A gnoll (D:1)
  4 dart slugs (D:1)
  A ball python (D:2)
  A giant cockroach (D:1)
  4 goblins (D:1)
  5 hobgoblins
  2 bats (D:1)
  A frilled lizard (D:1)
  2 kobolds
  2 rats
25 creatures vanquished.

Notes
Turn   | Place    | Note
-------+----------+-------------------------------------------
     0 | D:1      | Sheltem the Deep Elf Air Elementalist began the quest for the Orb.
     0 | D:1      | Reached XP level 1. HP: 10/10 MP: 6/6
    74 | D:1      | Found a shimmering altar of Xom.
   137 | D:1      | Became a worshipper of Xom of Chaos
   283 | D:1      | XOM: divination: detect items
   333 | D:1      | XOM: divination: detect creatures
   347 | D:1      | Reached XP level 2. HP: 15/15 MP: 1/8
   745 | D:1      | XOM: divination: detect creatures
   763 | D:1      | XOM: mild Erth miscast
   764 | D:1      | Reached XP level 3. HP: 2/19 MP: 1/9
   919 | D:1      | XOM: harmless Hex miscast
  1043 | D:1      | XOM: harmless Hex miscast
  1104 | D:1      | Learned a level 3 spell: Static Discharge
  1107 | D:1      | Learned a level 2 spell: Swiftness
  1341 | D:1      | XOM: divination: detect creatures
  2355 | D:2      | Upgraded the game from 0.21-a0-178-g0b87683 to 0.21-a0-184-g9126a74
  2371 | D:2      | Slain by an adder

Vault maps used:
D:1:      dpeg_arrival_tiny_g, xom_teletrap_fun
D:2:      bloody_makhleb, kennysheep_okawaru_gauntlet

Skill      XL: |  1  2  3 |
---------------+----------+-----
Dodging        | 3 |  3.1
Fighting       | |  0.1
Short Blades   | |  0.2
Stealth        | |  2.8
Spellcasting   | |  3.9
Conjurations   | |  1.3
Air Magic      | |  3.7

Action                   || total
-------------------------++-------
Melee: Short sword       ||    38
 Cast: Shock             ||    65
  Use: Scroll            ||     6
       Potion            ||     4
  Eat: Meat ration       ||     1
       Chunk             ||     1
Armor: Robe              ||    10
Dodge: Dodged            ||    55
